 Dungeon Crawl Stone Soup version 0.32-a0-996-gb3226c233f (webtiles) character file.

Game seed: 6496450311433462141

109 Revguard the Trooper (level 4, 0/40 HPs)
             Began as a Mountain Dwarf Fighter on Apr 23, 2024.
             Incinerated by a bombardier beetle (3 damage)
             ... with a burning spray
             ... on level 3 of the Dungeon.
             The game lasted 00:04:45 (1808 turns).

Revguard the Trooper (Mountain Dwarf Fighter)       Turns: 1808, Time: 00:04:46

Health: 0/40       AC: 10    Str: 21    XL:     4   Next: 60%
Magic:  5/5        EV:  4    Int:  8    God:
Gold:   161        SH:  0    Dex:  9    Spells: 3/3 levels left

rFire   . . .        a - +0 war axe
rCold   . . .        c - +0 buckler
rNeg    . . .        b - +0 scale mail
rPois   .            o - +2 hat
rElec   .            n - +0 cloak
rCorr   .            (no gloves)
SInv    .            (no boots)
Will    +....        (no amulet) Stlth
                     (no ring)
HPRegen 0.26/turn    (no ring)
MPRegen 0.09/turn

%: no passive effects
@: on fire, enlightened, flying, held, hasted, glowing, very quick
A: runic magic, artefact enchanting
a: no special abilities


You were on level 3 of the Dungeon.
You visited 1 branch of the dungeon, and saw 3 of its levels.

You collected 161 gold pieces.

Inventory:

Hand Weapons
 a - a +0 war axe (weapon)
Armour
 b - a +0 scale mail (worn)
 c - a +0 buckler (worn)
 n - a +0 cloak (worn)
 o - a +2 hat (worn)
Scrolls
 e - a scroll of enchant armour {unknown}
 f - 2 scrolls of teleportation {unknown}
 g - 2 scrolls of identify {unknown}
 k - a scroll of fear {unknown}
Potions
 d - a potion of might
 i - a potion of cancellation {unknown}
 l - a potion of haste
 p - a potion of brilliance {unknown}


   Skills:
 + Level 3.7 Fighting
 + Level 3.2 Axes
 + Level 3.7 Armour
 + Level 0.9 Dodging
 + Level 3.7 Shields
 + Level 0.4 Spellcasting
 + Level 1.1 Fire Magic
 + Level 1.7 Invocations
 - Level 0.6 Evocations


You had 3 spell levels left.
You didn't know any spells.
Your spell library was empty.

Dungeon Overview and Level Annotations

Branches:
Dungeon (3/15)

Altars:


Innate Abilities, Weirdness & Mutations

Your spellcasting is much less encumbered by armour.
You can use scrolls of enchantment on lesser artefacts.


Message History

The bombardier beetle is almost dead.
You hit the ribbon worm. The ribbon worm barely misses you.
Unknown command.
You completely miss the bombardier beetle.
The bombardier beetle is almost dead.
You hit the ribbon worm. The ribbon worm bites you.
* * * LOW HITPOINT WARNING * * *
The bombardier beetle sprays incendiary fluid at you.
The burning spray hits you.
You are covered in liquid fire!
You shake off some of the fire as you move.
The liquid fire burns you!
* * * LOW HITPOINT WARNING * * *
The ribbon worm attacks as it pursues you!
The ribbon worm barely misses you.
You feel better. The liquid fire burns you!
* * * LOW HITPOINT WARNING * * *
The bombardier beetle closely misses you.
You shake off some of the fire as you move.
The liquid fire burns you!
* * * LOW HITPOINT WARNING * * *
Unknown command.
You shake off the liquid fire.
The ribbon worm expels a string of sticky webbing.
The stream of webbing hits you but does no damage.
You are caught in a web!
There is a web here.
You feel better.
The bombardier beetle sprays incendiary fluid at you.
The burning spray hits you.
You are covered in liquid fire!
It was a potion of enlightenment.
You feel very buoyant.
You fly up into the air.
The liquid fire burns you!
* * * LOW HITPOINT WARNING * * *
It was a potion of magic.
Magic courses through your body. The liquid fire burns you!
You die...

#....#####..
+........#....
#....<.......
#...(.......#
..####...........+
.........).......#
.................#####
......................
..............@.......
..............w.......
............B.......##
...>......).........#
........##.....#....#
....... #.)...#....+
...... #.....#....#
.... .............
..............


You could see a ribbon worm (catching breath) and a bombardier beetle.

Vanquished Creatures
  6 adders (D:2)
  2 dart slugs
  A ribbon worm (D:2)
  3 endoplasms
  2 giant cockroaches
  5 goblins
  4 hobgoblins
  3 jackals (D:1)
  2 kobolds
  A quokka (D:1)
  14 ball pythons
  4 bats
  3 frilled lizards
  3 rats
53 creatures vanquished.

Notes
Turn   | Place    | Note
-------+----------+-------------------------------------------
     0 | D:1      | Revguard the Mountain Dwarf Fighter began the quest for the
                  | Orb.
     0 | D:1      | Reached XP level 1. HP: 19/19 MP: 1/1
   123 | D:1      | Reached XP level 2. HP: 23/26 MP: 2/2
   338 | D:1      | Reached skill level 1 in Invocations
   611 | D:2      | Reached XP level 3. HP: 30/31 MP: 3/3
   962 | D:2      | Reached XP level 4. HP: 35/40 MP: 5/5
  1011 | D:2      | Reached skill level 1 in Fire Magic
  1802 | D:3      | HP: 1/40 [burnt (4)]
  1808 | D:3      | Incinerated by a bombardier beetle

Illustrated notes

Levels and vault maps discovered:
D:1:      lightli_arrival_statue_moat, layout_rooms, minmay_tromino_i4
D:2:      layout_loops_ring, minmay_snake_closets
D:3:      layout_basic, lemuel_crystal_altar, amcnicky_mini_pool_small

Skill      XL: |  1  2  3  4 |
---------------+-------------+-----
Invocations    | 1 |  1.7
Axes           | 3 |  3.2
Fire Magic     | 1 |  1.1
Fighting       | |  3.7
Armour         | |  3.7
Dodging        | |  0.9
Shields        | |  3.7
Spellcasting   | |  0.4
Evocations     | |  0.6

Action                     |  1- 3 |  4- 6 || total
---------------------------+-------+-------++-------
  Melee: War axe           |   107 |    62 ||   169
    Use: Potion            |       |     6 ||     6
 Armour: Scale mail        |   144 |    66 ||   210
  Dodge: Dodged            |    68 |    29 ||    97
  Block: Buckler           |    31 |    22 ||    53

Table legend: (Time is in decaauts)
 A = Elapsed time spent in this place.
 B = Non-inter-level travel time spent in this place.
 C = Inter-level travel time spent in this place.
 D = Time resting spent in this place.
 E = Time spent auto-exploring this place.
 F = Levels seen in this place.
 G = Mean time per level.
                   A        B        C        D        E       F      G
               +--------+--------+--------+--------+--------+-----+--------+
         Total |   1867 |   1797 |     70 |      0 |   1300 |   3 |  622.3 |
       Dungeon |   1867 |   1797 |     70 |      0 |   1300 |   3 |  622.3 |
               +--------+--------+--------+--------+--------+-----+--------+

Top non-repeatable levels by time:
     D:2: 1215 daAuts
     D:1: 615 daAuts
     D:3: 35 daAuts
